 Dungeon Sprint DCSS version 0.29-a0-824-gd827844252 (webtiles) character file.

Game seed: 12122061241735796689

12315 mhtbhm the Brawler (level 11, 0/144 (145) HPs)
             Began as a Naga Transmuter on July 10, 2022.
             Was an Initiate of Gozag.
             Slain by a shadow dragon (2 damage)
             ... in the Dungeon (Sprint I: "Red Sonja").
             The game lasted 00:11:29 (3606 turns).

mhtbhm the Brawler (Naga Transmuter)                Turns: 3606, Time: 00:11:29

HP:   0/144 (145)   AC: 17    Str: 17    XL:     11   Next: 91%
MP:   24/24         EV:  7    Int: 13    God:    Gozag
Gold: 1145          SH:  0    Dex: 12    Spells: 19/29 levels left

rFire   + . .      SeeInvis +     - Unarmed
rCold   . . .      Faith    .   (no shield)
rNeg    . . .      Spirit   .   a - +3 chain mail {rPois}
rPois   +          Reflect  .   (helmet currently unavailable)
rElec   .          Harm     .   k - +0 cloak
rCorr   .          Rampage  .   (no gloves)
Will    +....      Rage     3%  (no barding)
Stlth   .......... NoTele   +   (no amulet)
HPRegen 0.34/turn               r - +4 ring of protection
MPRegen 0.19/turn               w - ring of protection from fire

@: berserking, appendages, wereblooded, gold aura, lightly drained, unable to
drink, quick
A: horns 2, AC +3, large, see invisible, deformed body, poison resistance,
slowness 2, spit poison 1, naga tail 1, berserk 1, inability to drink while
threatened 1
a: Spit Poison, End Transformation, Renounce Religion, Potion Petition, Call
Merchant, Bribe Branch


You were in the Dungeon.
You worshipped Gozag.
Gozag was most pleased with you.
You had temporarily grown beastly horns.
You visited 1 branch You collected 7336 gold pieces.
You spent 3609 gold pieces at shops.
You paid 2582 gold pieces to Gozag.

Inventory:

Missiles
 b - a curare-tipped dart (quivered)
Armour
 a - a +3 chain mail of poison resistance (worn)
 k - a +0 cloak (worn)
 s - the +5 plate armour of Reotz {Fly Will+ Dex-4}
   (You bought it in a shop in the Dungeon)

   Dex:       It affects your dexterity (-4).
   Fly:       It grants you flight.
   Will:      It increases your willpower.
Jewellery
 r - a +4 ring of protection (left hand)
 w - a ring of protection from fire (right hand)
Wands
 d - a wand of paralysis (7)
 m - a wand of mindburst (12)
 o - a wand of digging (1)
Scrolls
 c - 2 scrolls of fog
 e - 2 scrolls of enchant armour
 l - a scroll of vulnerability
 p - a scroll of fear {unknown}
 t - a scroll of brand weapon
 u - a scroll of torment {unknown}
 v - a scroll of magic mapping {unknown}
Potions
 f - a potion of magic
 g - a potion of attraction
 h - 4 potions of heal wounds
 i - 2 potions of curing
 j - a potion of flight
 n - a potion of lignification
Miscellaneous
 q - a phantom mirror


   Skills:
 + Level 6.0 Fighting
 + Level 1.6 Throwing
 + Level 5.6 Armour
 + Level 7.7 Dodging
 + Level 16.5 Stealth
 + Level 18.9 Unarmed Combat
 + Level 9.7 Spellcasting
 + Level 9.8 Transmutations
 + Level 3.6 Ice Magic
 + Level 3.6 Poison Magic
 + Level 4.8 Evocations


You had 19 spell levels left.
You knew the following spells:

 Your Spells              Type           Power      Damage    Failure   Level
a - Beastly Appendage     Tmut           62%        N/A       2%          1
b - Wereblood             Tmut           31%        N/A       4%          2
c - Spider Form           Tmut/Pois      23%        N/A       28%         3
d - Ice Form              Ice/Tmut       23%        N/A       67%         4

Your spell library contained the following spells:

 Spells                   Type           Power      Damage    Failure   Level


Dungeon Overview and Level Annotations

Branches:
Dungeon (1/1)

Altars:
Cheibriados
Dithmenos
Elyvilon
Fedhas
Gozag
Hepliaklqana
Kikubaaqudgha
Makhleb
Nemelex Xobeh
Okawaru
Qazlal
Ru
Sif Muna
Trog
Uskayaw
Vehumet
Wu Jian
Xom
Yredelemnul
Zin
The Shining One
Jiyva
Lugonu

Shops:
D ([*=(=*[**![(**=?[*=


Innate Abilities, Weirdness & Mutations

You have temporarily grown beastly horns.
Your serpentine skin is tough. (AC +3)
You have supernaturally acute eyesight. (SInv)
Armour fits poorly on your strangely shaped body.
Your system is resistant to poisons. (rPois)
You cover ground very slowly.
You can spit poison.
You have a snake-like lower body.
You sometimes lose your temper in combat.
You occasionally lose the ability to drink potions when taking damage.


Message History

You punch the shadow dragon! Your headbutt misses the shadow dragon.
The shadow dragon is moderately wounded.
The shadow dragon closely misses you.
The shadow dragon claws you but does no damage.
The shadow dragon claws you.
* * * LOW HITPOINT WARNING * * *
Unknown command.
You barely miss the shadow dragon.
The shadow dragon is moderately wounded.
You hit the shadow dragon. You headbutt the shadow dragon.
The shadow dragon is heavily wounded.
The shadow dragon bites you.
* * * LOW HITPOINT WARNING * * *
You feel drained.
* * * LOW HITPOINT WARNING * * *
The shadow dragon claws you but does no damage.
The shadow dragon claws you!
* * * LOW HITPOINT WARNING * * *
Unknown command.
Press: ? - help, v - describe, . - travel The floor, spattered with blood.
There is a cloud of purple smoke here.
You completely miss the shadow dragon.
The shadow dragon is moderately wounded.
You barely miss the shadow dragon.
The shadow dragon is moderately wounded.
The shadow dragon bites you.
* * * LOW HITPOINT WARNING * * *
The shadow dragon claws you but does no damage.
The shadow dragon barely misses you.
You pummel the shadow dragon!!
The shadow dragon is heavily wounded.
You howl as the wereblood boils in your veins!
You punch the shadow dragon! You punch the shadow dragon.
The shadow dragon is severely wounded.
You barely miss the shadow dragon.
The shadow dragon is severely wounded.
The shadow dragon bites you.
You die...
Your body crumbles into a pile of gold. §§§.§'..#..'§§..# $$$$$$ §§§.##.∩'.§#.§.§## $$$$$$ .§.#######+#§§§..# $$$$ ##+# $ #.§§§.#$$$ $$$$ .# $$$ ##§§§.#$ $ $$$$ ## $ ###+##$$$ $$$$

.# $
#§####+#$$$$
.# $
##§#§§§§##$$$
## $
##§§@§§..§##$$
#
#§§D$§§§...#$$
###
#§§§§.§§.§.# $
#.###
#..§...)§§§..
$ ....#
#.....:..§...
$ ....#
##..........#
$ .####
#$$$$$$$$$$#$$
##
##$$$$$$$$##$$
##?/()?)##$$$


You could see a shadow dragon.

Vanquished Creatures
  A golden dragon (D)
  A lorocyproca (D)
  A hydra (D)
  2 centaur warriors (D)
  Sonja (D)
  A deep troll (D)
  A lindwurm (D)
  An oklob plant (D)
  A gargoyle (D)
  2 unseen horrors (D)
  2 kobold demonologists (D)
  4 demonic crawlers (D)
  A meliai (D)
  A hornet (D)
  A slime creature (D)
  Sigmund (D)
  A yak (D)
  13 hogs (D)
  2 redbacks (D)
  3 floating eyes (D)
  An ogre (D)
  7 necrophages (D)
  8 jellies (D)
  Ijyb (D)
58 creatures vanquished.

Vanquished Creatures (others)
  2 ballistomycete spores (D)
2 creatures vanquished.

Grand Total: 60 creatures vanquished

Notes
Turn   | Place    | Note
-------+----------+-------------------------------------------
     0 | D        | mhtbhm the Naga Transmuter began the quest for the Orb.
     0 | D        | Reached XP level 1. HP: 18/18 MP: 3/3
     1 | D        | Noticed Ijyb
    16 | D        | Killed Ijyb
    17 | D        | Reached skill level 5 in Unarmed Combat
    17 | D        | Reached XP level 2. HP: 20/25 MP: 3/5
    17 | D        | Reached XP level 3. HP: 25/31 MP: 4/7
   309 | D        | Learned a level 2 spell: Wereblood
   313 | D        | Learned a level 3 spell: Spider Form
   417 | D        | Noticed an ogre
   424 | D        | Killed an ogre
   425 | D        | Reached skill level 1 in Stealth
   425 | D        | Reached skill level 7 in Unarmed Combat
   425 | D        | Reached XP level 4. HP: 38/38 MP: 2/10
   426 | D        | Noticed Sigmund
   436 | D        | Killed Sigmund
   437 | D        | Reached skill level 9 in Unarmed Combat
   437 | D        | Reached skill level 5 in Spellcasting
   437 | D        | Reached skill level 1 in Poison Magic
   437 | D        | Reached XP level 5. HP: 44/44 MP: 1/12
   437 | D        | Reached XP level 6. HP: 51/51 MP: 1/13
   467 | D        | Learned a level 4 spell: Ice Form
   534 | D        | Found an ornate altar of the Wu Jian Council.
   534 | D        | Found a shimmering blue altar of Sif Muna.
   536 | D        | Found a radiant altar of Vehumet.
   543 | D        | Found Zuqec's Armour Emporium.
   543 | D        | Found an ancient bone altar of Kikubaaqudgha.
   543 | D        | Found a hazy altar of Hepliaklqana.
   543 | D        | Found a stormy altar of Qazlal.
   543 | D        | Found a hide-covered altar of Uskayaw.
   543 | D        | Found a blossoming altar of Fedhas.
   543 | D        | Found a bloodstained altar of Trog.
   543 | D        | Found an iron altar of Okawaru.
   543 | D        | Found a basalt altar of Yredelemnul.
   543 | D        | Found a glowing golden altar of the Shining One.
   543 | D        | Found a snail-covered altar of Cheibriados.
   543 | D        | Found a sacrificial altar of Ru.
   543 | D        | Found a glowing silver altar of Zin.
   543 | D        | Found a shadowy altar of Dithmenos.
   543 | D        | Found a white marble altar of Elyvilon.
   543 | D        | Noticed a yak
   547 | D        | Killed a yak
   548 | D        | Reached skill level 5 in Dodging
   548 | D        | Reached skill level 10 in Unarmed Combat
   548 | D        | Reached skill level 5 in Transmutations
   548 | D        | Reached XP level 7. HP: 43/57 MP: 10/15
   549 | D        | Noticed Sonja
   556 | D        | Found an opulent altar of Gozag.
   556 | D        | HP: 2/79 [Sonja/+2 short sword of draining (3)]
   557 | D        | Killed Sonja
   558 | D        | Reached skill level 1 in Armour
   558 | D        | Reached skill level 12 in Unarmed Combat
   558 | D        | Reached XP level 8. HP: 4/67 MP: 11/18
   592 | D        | Found a sparkling altar of Nemelex Xobeh.
   597 | D        | Became a worshipper of Gozag Ym Sagoz the Greedy
   767 | D        | Found Vorch's Antique Weapon Boutique.
   826 | D        | Noticed a deep troll
   854 | D        | Killed a deep troll
   855 | D        | Reached skill level 13 in Unarmed Combat
   855 | D        | Reached skill level 1 in Evocations
   877 | D        | Found Teqab's Armour Emporium.
   925 | D        | Found a burning altar of Makhleb.
   925 | D        | Found a viscous altar of Jiyva.
   925 | D        | Found a shimmering altar of Xom.
   925 | D        | Found a corrupted altar of Lugonu.
   925 | D        | Noticed a slime creature
   930 | D        | Killed a slime creature
   931 | D        | Reached XP level 9. HP: 58/74 MP: 13/19
   941 | D        | Noticed a kobold demonologist
   942 | D        | Noticed a kobold demonologist
   946 | D        | Killed a kobold demonologist
   947 | D        | Noticed an orange demon
   949 | D        | Killed a kobold demonologist
   950 | D        | Reached skill level 10 in Stealth
   950 | D        | Reached skill level 14 in Unarmed Combat
   991 | D        | Noticed a centaur warrior
   991 | D        | Noticed a centaur warrior
   996 | D        | Killed a centaur warrior
   997 | D        | Reached skill level 1 in Throwing
   997 | D        | Reached skill level 1 in Ice Magic
  1002 | D        | Killed a centaur warrior
  1003 | D        | Reached XP level 10. HP: 49/84 MP: 16/21
  1012 | D        | Noticed an oklob plant
  1018 | D        | Killed an oklob plant
  1019 | D        | Reached skill level 15 in Unarmed Combat
  1275 | D        | Noticed an unseen horror
  1275 | D        | Noticed an unseen horror
  1281 | D        | Killed an unseen horror
  1288 | D        | Killed an unseen horror
  1314 | D        | Reached skill level 16 in Unarmed Combat
  1391 | D        | Found Tyveukon's Jewellery Shoppe.
  1391 | D        | Found Gamusetzy's Assorted Antiques.
  1391 | D        | Found Qeleice's Antique Weapon Boutique.
  1393 | D        | Found Anipuack's Jewellery Emporium.
  1393 | D        | Found Zobbono's Antique Armour Shop.
  1393 | D        | Found Cuqe Pyir's General Store.
  1393 | D        | Found Cazatiuth's Distillery.
  1393 | D        | Found Goigheog's Armour Emporium.
  1393 | D        | Found Weula's Weapon Shop.
  1393 | D        | Found Gofres's General Store.
  1397 | D        | Found Weim's Assorted Antiques.
  1398 | D        | Found Areishri's Magic Scroll Emporium.
  1398 | D        | Found Aqiwaet's Jewellery Boutique.
  1399 | D        | Found Inetzasu's Assorted Antiques.
  1414 | D        | Bought a scroll of identify for 20 gold pieces
  1418 | D        | Bought a crooked silver wand for 88 gold pieces
  1419 | D        | Bought a scroll of identify for 28 gold pieces
  1419 | D        | Bought a wand of digging (3) for 196 gold pieces
  1423 | D        | Bought a potion of haste for 100 gold pieces
  1423 | D        | Bought a potion of heal wounds for 50 gold pieces
  1423 | D        | Bought a potion of might for 40 gold pieces
  1432 | D        | Bought a scroll of fog for 30 gold pieces
  1432 | D        | Bought a scroll of enchant armour for 112 gold pieces
  1432 | D        | Bought a potion of heal wounds for 75 gold pieces
  1439 | D        | Bought a scroll of identify for 56 gold pieces
  1440 | D        | Bought a phantom mirror for 1120 gold pieces
  1501 | D        | Noticed a lindwurm
  1512 | D        | Killed a lindwurm
  1727 | D        | Reached skill level 15 in Stealth
  1732 | D        | Reached XP level 11. HP: 93/93 MP: 17/23
  1738 | D        | Reached skill level 5 in Fighting
  1740 | D        | Reached skill level 17 in Unarmed Combat
  1752 | D        | Noticed a 12-headed hydra
  1754 | D        | Killed a 12-headed hydra
  1816 | D        | Bought a blackened plate armour for 784 gold pieces
  1816 | D        | Identified the +5 plate armour of Reotz {Fly Will+ Dex-4}
                  | (You bought it in a shop in the Dungeon)
  1821 | D        | Bought a scroll of identify for 56 gold pieces
  1823 | D        | Bought a granite ring for 140 gold pieces
  1849 | D        | Bought a +3 chain mail of poison resistance for 305 gold
                  | pieces
  1928 | D        | Reached skill level 18 in Unarmed Combat
  1984 | D        | Noticed a lorocyproca
  2003 | D        | Killed a lorocyproca
  2546 | D        | Gained mutation: You sometimes lose your temper in combat.
                  | [mutagenic glow]
  2558 | D        | Gained mutation: You occasionally lose the ability to drink
                  | potions when taking damage. [mutagenic glow]
  3421 | D        | Bought a scroll labelled ETEUN FOCW for 28 gold pieces
  3421 | D        | Bought a scroll labelled NOISCH ZEUD for 28 gold pieces
  3421 | D        | Bought a scroll labelled HACHO HYT ICUA for 28 gold pieces
  3455 | D        | Bought a ring of protection from fire for 325 gold pieces
  3581 | D        | Noticed a shadow dragon
  3581 | D        | Noticed a golden dragon
  3597 | D        | Killed a golden dragon
  3598 | D        | Reached skill level 5 in Armour
  3601 | D        | HP: 5/144 [shadow dragon (7)]
  3603 | D        | HP: 2/144 [shadow dragon (3)]
  3606 | D        | Slain by a shadow dragon

Illustrated notes

Levels and vault maps discovered:
D:        dungeon_sprint_1 [red_sonja_temple_1, red_sonja_temple_small_1]

Skill      XL: |  1  2  3  4  5  6  7  8  9 10 11 |
---------------+----------------------------------+-----
Dodging        | 2 3 4 5 6 7 |  7.7
Unarmed Combat | 5 7 9 10 12 13 14 16 18 | 18.9
Stealth        | 1 2 3 4 8 12 15 16 | 16.5
Spellcasting   | 4 5 6 7 8 9 |  9.7
Transmutations | 3 4 5 6 8 9 |  9.8
Poison Magic   | 1 2 3 |  3.6
Fighting       | 2 3 4 6 |  6.0
Armour         | 1 2 3 5 |  5.6
Evocations     | 2 3 4 |  4.8
Throwing       | 1 |  1.6
Ice Magic      | 1 2 3 |  3.6

Action                   |  1- 3 |  4- 6 |  7- 9 | 10-12 || total
-------------------------+-------+-------+-------+-------++-------
Melee: Unarmed           |    16 |    13 |    25 |   122 ||   176
       Punch             |       |       |       |     6 ||     6
       Headbutt          |       |       |       |     2 ||     2
Throw: Dart              |       |       |     2 |       ||     2
 Cast: Spider Form       |     1 |     2 |       |       ||     3
       Wereblood         |     1 |     1 |     2 |     6 ||    10
       Ice Form          |       |       |     2 |     7 ||     9
       Beastly Appendage |       |       |       |     1 ||     1
Invok: Call Merchant     |       |       |       |     3 ||     3
       Potion Petition   |       |       |       |     1 ||     1
 Abil: Spit Poison       |     1 |       |     2 |     1 ||     4
Evoke: Wand              |       |       |     7 |     3 ||    10
       Phantom mirror    |       |       |       |     2 ||     2
  Use: Potion            |     2 |       |     5 |     3 ||    10
       Scroll            |       |       |     1 |     6 ||     7
 Stab: Sleeping          |     1 |       |     1 |     2 ||     4
       Paralysed         |       |       |     5 |       ||     5
       Distracted        |       |       |       |     3 ||     3
Armor: Skin              |     9 |     1 |     8 |    18 ||    36
       Leather armour    |       |       |       |     4 ||     4
       Chain mail        |       |       |       |    10 ||    10
Dodge: Dodged            |     2 |     5 |     8 |    44 ||    59

Table legend: (Time is in decaauts)
 A = Elapsed time spent in this place.
 B = Non-inter-level travel time spent in this place.
 C = Inter-level travel time spent in this place.
 D = Time resting spent in this place.
 E = Time spent auto-exploring this place.
 F = Levels seen in this place.
 G = Mean time per level.
                   A        B        C        D        E       F      G
               +--------+--------+--------+--------+--------+-----+--------+
         Total |   3847 |   3818 |     29 |   2165 |      0 |   1 | 3847.0 |
       Dungeon |   3847 |   3818 |     29 |   2165 |      0 |   1 | 3847.0 |
               +--------+--------+--------+--------+--------+-----+--------+

Top non-repeatable levels by time:
       D: 3847 daAuts
